 Dungeon Crawl Stone Soup version 0.30-a0-341-g682706514a (webtiles) character file.

Game seed: 8871407361351870111

196 Muataran the Chopper (level 5, -1/47 HPs)
             Began as a Hill Orc Fighter on Nov 1, 2022.
             Slain by a scorpion (2 damage)
             ... on level 4 of the Dungeon.
             The game lasted 00:02:38 (1281 turns).

Muataran the Chopper (Hill Orc Fighter)             Turns: 1281, Time: 00:02:39

Health: -1/47      AC:  8    Str: 21    XL:     5   Next: 74%
Magic:  5/5        EV:  9    Int:  8    God:
Gold:   80         SH:  4    Dex: 10    Spells: 4/4 levels left

rFire   . . .      SeeInvis .    a - +0 war axe
rCold   . . .      Faith    .    c - +0 buckler
rNeg    . . .      Spirit   .    b - +0 scale mail
rPois   .          Reflect  .    (no helmet)
rElec   .          Harm     .    (no cloak)
rCorr   .          Rampage  .    (no gloves)
Will    .....                    g - +0 pair of boots
Stlth   ..........               (no amulet)
HPRegen 0.27/turn                (no ring)
MPRegen 0.09/turn                (no ring)

@: lethally poisoned (-1 -> -10)
A: no striking features
a: no special abilities


You were on level 4 of the Dungeon.
You visited 1 branch of the dungeon, and saw 4 of its levels.

You collected 80 gold pieces.

Inventory:

Hand Weapons
 a - a +0 war axe (weapon)
Armour
 b - a +0 scale mail (worn)
 c - a +0 buckler (worn)
 g - a +0 pair of boots (worn)
Jewellery
 i - a ring of wizardry
Scrolls
 k - a scroll of identify {unknown}
 m - a scroll of vulnerability {unknown}
 o - a scroll of teleportation {unknown}
 q - a scroll of enchant armour {unknown}
Potions
 e - a potion of brilliance {unknown}
 f - a potion of cancellation {unknown}
 h - 2 potions of curing {unknown}
 j - a potion of mutation {unknown}
 l - a potion of haste {unknown}
 n - 2 potions of heal wounds {unknown}
 p - a potion of magic {unknown}


   Skills:
 + Level 4.9 Fighting
 * Level 5.7 Axes
 + Level 4.4 Armour
 - Level 3.2 Shields


You had 4 spell levels left.
You didn't know any spells.
Your spell library contained the following spells:

 Spells                   Type           Power      Damage    Failure   Level
 Freeze                   Ice            0%         1d3       83%         1
 Blink                    Tloc           0%         N/A       92%         2
 Momentum Strike          Conj/Tloc      0%         3d8       92%         2
 Frozen Ramparts          Ice            0%         1d1       99%         3
 Hailstorm                Conj/Ice       0%         3d3       99%         3
 Lesser Beckoning         Tloc           0%         N/A       99%         3
 Animate Dead             Necr           0%         N/A       100%        4
 Borgnjor's Vile Clutch   Necr/Erth      0%         N/A       100%        5
 Death Channel            Necr           0%         N/A       100%        6


Dungeon Overview and Level Annotations

Branches:
Dungeon (4/15)
 Temple: D:4-7

Altars:


Message History

The scorpion is severely wounded.
You feel sick.
The scorpion stings you but does no damage.
You hit the scorpion but do no damage.
The scorpion is severely wounded.
You feel sick. The scorpion barely misses you. You block the scorpion's attack.
You barely miss the scorpion.
The scorpion is severely wounded.
You feel sick. The scorpion stings you.
You are more poisoned.
The scorpion poisons you!
The scorpion stings you but does no damage.
You hit the scorpion.
The scorpion is almost dead.
You feel very sick. The scorpion stings you.
You are lethally poisoned!
The scorpion poisons you!
You are too injured to fight recklessly!
You are too injured to fight recklessly!
You are too injured to fight recklessly!
You are too injured to fight recklessly!
You closely miss the scorpion.
The scorpion is almost dead.
* * * LOW HITPOINT WARNING * * *
You feel extremely sick.
The scorpion stings you but does no damage.
The scorpion barely misses you.
You hit the scorpion.
The scorpion is almost dead.
* * * LOW HITPOINT WARNING * * *
You feel very sick. The scorpion stings you.
* * * LOW HITPOINT WARNING * * *
You hit the scorpion but do no damage.
The scorpion is almost dead.
* * * LOW HITPOINT WARNING * * *
You feel very sick. The scorpion barely misses you. The scorpion stings you.
You die...

..#...# #...# .
......########...####.#
......##...............
.......................
......##...............
..#...########...#####.
..##..# #...# .. .<.#
#...# ##.## #.$@# #.
#..s# #. .......
.......#.# .#.##?.#.#
#. ...... . .#.. .#
.##.. .#


You could see a scorpion.

Vanquished Creatures
  A black bear (D:4)
  Jessica (D:2)
  Robin (D:2)
  An ufetubus (D:4)
  2 dart slugs (D:2)
  An orc (D:3)
  An endoplasm (D:1)
  2 giant cockroaches (D:2)
  10 goblins
  7 hobgoblins
  8 jackals (D:1)
  A quokka (D:2)
  4 ball pythons
  5 bats
  3 frilled lizards (D:1)
  4 kobolds
  2 rats
54 creatures vanquished.

Notes
Turn   | Place    | Note
-------+----------+-------------------------------------------
     0 | D:1      | Muataran the Hill Orc Fighter began the quest for the Orb.
     0 | D:1      | Reached XP level 1. HP: 19/19 MP: 1/1
    70 | D:1      | Reached skill level 3 in Axes
    80 | D:1      | Reached XP level 2. HP: 26/27 MP: 2/2
   384 | D:1      | Reached XP level 3. HP: 33/33 MP: 3/3
   508 | D:2      | Noticed Jessica
   515 | D:2      | Killed Jessica
   516 | D:2      | Reached skill level 4 in Axes
   518 | D:2      | Reached XP level 4. HP: 40/40 MP: 4/4
   552 | D:2      | Noticed Robin
   584 | D:2      | Killed Robin
  1012 | D:4      | Reached skill level 5 in Axes
  1065 | D:4      | Noticed a black bear
  1088 | D:4      | Killed a black bear
  1089 | D:4      | Reached XP level 5. HP: 9/47 MP: 5/5
  1281 | D:4      | HP: 1/47 [poisoned by a scorpion]
  1281 | D:4      | Slain by a scorpion

Illustrated notes

Levels and vault maps discovered:
D:1:      saegor_arrival_simple_c, layout_basic
D:2:      layout_basic, uniq_jessica, uniq_robin
D:3:      layout_basic
D:4:      layout_loops_cross, uniq_blork_the_orc

Skill      XL: |  1  2  3  4 |
---------------+-------------+-----
Axes           | 3 4 5 |  5.7
Fighting       | 4 |  4.9
Armour         | 4 |  4.4
Shields        | |  3.2

Action                   |  1- 3 |  4- 6 || total
-------------------------+-------+-------++-------
Melee: War axe           |    87 |    76 ||   163
  Use: Potion            |       |     1 ||     1
Armor: Scale mail        |    58 |    35 ||    93
Dodge: Dodged            |    41 |    40 ||    81
Block: Buckler           |    20 |    24 ||    44

Table legend: (Time is in decaauts)
 A = Elapsed time spent in this place.
 B = Non-inter-level travel time spent in this place.
 C = Inter-level travel time spent in this place.
 D = Time resting spent in this place.
 E = Time spent auto-exploring this place.
 F = Levels seen in this place.
 G = Mean time per level.
                   A        B        C        D        E       F      G
               +--------+--------+--------+--------+--------+-----+--------+
         Total |   1335 |   1298 |     37 |    239 |    714 |   4 |  333.8 |
       Dungeon |   1335 |   1298 |     37 |    239 |    714 |   4 |  333.8 |
               +--------+--------+--------+--------+--------+-----+--------+

Top non-repeatable levels by time:
     D:1: 468 daAuts
     D:3: 324 daAuts
     D:4: 282 daAuts
     D:2: 260 daAuts
